 Dungeon Crawl Stone Soup version 0.19.5 (webtiles) character file.

585 theAP the Slasher (level 7, 0/56 HPs)
             Began as a Formicid Fighter on Apr 14, 2017.
             Was a Follower of Nemelex Xobeh.
             Splashed by a jelly's acid (5 damage)
             ... on level 4 of the Dungeon.
             The game lasted 00:08:45 (3246 turns).

theAP the Slasher (Formicid Fighter)                Turns: 3246, Time: 00:08:48

Health: 0/56       AC: -5    Str: 22    XL:     7   Next: 64%
Magic:  9/9        EV:  6    Int:  8    God:    Nemelex Xobeh [*.....]
Gold:   178        SH: 10    Dex: 10    Spells: 0 memorised, 6 levels left

rFire  . . .     SeeInvis +     a - +0 long sword
rCold  + . .     Gourm    .     n - +0 chain mail
rNeg   . . .     Faith    .     c - +1 shield
rPois  .         Spirit   .     (helmet unavailable)
rElec  .         Reflect  .     (no cloak)
rCorr  .         Harm     .     y - +0 pair of gloves
MR     .....                    (no boots)
Stlth  ..........               (no amulet)
                                (no ring)
                                u - ring of protection from cold

@: corroded
A: permanent stasis, dig shafts and tunnels, four strong arms, antennae 3
a: Dig, Shaft Self, Renounce Religion


You were on level 4 of the Dungeon.
You worshipped Nemelex Xobeh.
Nemelex Xobeh was aware of your devotion.
You were hungry.

You visited 1 branch of the dungeon, and saw 5 of its levels.

You collected 178 gold pieces.

Inventory:

Hand Weapons
 a - a +0 long sword (weapon)
Armour
 c - a +1 shield (worn)
 n - a +0 chain mail (worn)
 y - a +0 pair of gloves (worn)
Jewellery
 u - a ring of protection from cold (left hand)
Wands
 z - a wand of slowing (22/48)
Scrolls
 g - a scroll of amnesia
 m - 5 scrolls of teleportation
 r - a scroll of magic mapping
Potions
 b - a potion of magic
 d - a potion of might
 h - 3 potions of heal wounds {unknown}
 i - a potion of beneficial mutation {unknown}
 j - a potion of berserk rage {unknown}
 k - 3 potions of ambrosia
 l - 4 potions of degeneration
 o - a potion of resistance {unknown}
 p - 3 potions of brilliance {unknown}
 s - 2 potions of flight {unknown}
 v - a potion of agility {unknown}
Miscellaneous
 e - a plain deck of summoning
 t - a plain deck of summoning
Comestibles
 f - 3 bread rations
 q - 2 meat rations


   Skills:
 + Level 5.6 Fighting
 * Level 5.9 Long Blades
 - Level 3.4 Armour
 - Level 3.6 Shields
 + Level 3.3 Invocations


You had 6 spell levels left.
You didn't know any spells.

Dungeon Overview and Level Annotations

Branches:
Dungeon (5/15)
 Temple: D:4-7

Altars:
Dithmenos
Elyvilon
Nemelex Xobeh
Okawaru
Ru
Zin

Shops:
D:4 !


Innate Abilities, Weirdness & Mutations

You are under a permanent stasis effect.
You can dig through walls and to a lower floor.
Your four strong arms can wield two-handed weapons with a shield.
You have a pair of large antennae on your head. (SInv)


Message History

The jelly is severely wounded.
The jelly hits you.
* * * LOW HITPOINT WARNING * * *
The acid corrodes you!
You are splashed with acid!
The acid burns!
* * * LOW HITPOINT WARNING * * *
You see here a mace.
There is an open door here.
There is a stone staircase leading up, spattered with blood here.
You see here 2 tomahawks.
You block the jelly's attack.
You climb upwards.
There is a stone staircase leading down, spattered with blood here.
You hit the jelly but do no damage.
Your hands burn!
* * * LOW HITPOINT WARNING * * *
The jelly is severely wounded.
The jelly hits you.
* * * LOW HITPOINT WARNING * * *
You are splashed with acid!
The acid burns!
You die...
Your body disappears without a glow.

###### #....# #....# #....#
######....# #.........#
#####.###.....# ####.....#
#.....###############
#..#.#######...@................
##..#.####.....#J################
#.....##....####>)...............
##(.####.#....##)#####.......(###
#..####.#..####.# #......#.#
##......#..# #.# #......#.###
########..####.# #......#....
#.......# #......##### #.#....##
#......#....


You could see a jelly.

Vanquished Creatures
  A phantom (D:4)
  An ogre (D:4)
  A howler monkey (D:4)
  The ghost of Haldmier the Slasher, a weakling HESk (D:3)
  A bullfrog zombie (D:3)
  An orc wizard (D:5)
  Jessica (D:3)
  2 worker ants (D:4)
  8 adders
  3 oozes
  3 worms
  A dart slug (D:4)
  4 leopard geckos
  10 orcs
  5 giant cockroaches
  11 goblins
  7 hobgoblins
  2 jackals (D:3)
  3 quokkas
  5 bats
  3 frilled lizards
  A jackal zombie (D:5)
  10 kobolds
  6 rats
91 creatures vanquished.

Notes
Turn   | Place    | Note
-------+----------+-------------------------------------------
     0 | D:1      | theAP the Formicid Fighter began the quest for the Orb.
     0 | D:1      | Reached XP level 1. HP: 18/18 MP: 1/1
    42 | D:1      | Reached XP level 2. HP: 23/24 MP: 2/2
   189 | D:1      | Reached XP level 3. HP: 23/30 MP: 3/3
   984 | D:2      | Found a sparkling altar of Nemelex Xobeh.
   984 | D:2      | Found a white marble altar of Elyvilon.
   985 | D:2      | Found a glowing silver altar of Zin.
  1004 | D:2      | Became a worshipper of Nemelex Xobeh the Trickster
  1095 | D:2      | Reached XP level 4. HP: 34/37 MP: 4/4
  1142 | D:2      | Received a gift from Nemelex Xobeh
  1299 | D:2      | Found a sacrificial altar of Ru.
  1304 | D:2      | Found an iron altar of Okawaru.
  1644 | D:3      | Noticed Haldmier's ghost (weakling HESk)
  1689 | D:3      | Killed Haldmier's ghost
  1689 | D:3      | Reached skill level 1 in Invocations
  1689 | D:3      | Reached XP level 5. HP: 23/43 MP: 5/5
  1761 | D:3      | Found a shadowy altar of Dithmenos.
  1900 | D:3      | Reached XP level 6. HP: 40/49 MP: 7/7
  1919 | D:3      | Noticed Jessica
  1927 | D:3      | Killed Jessica
  2143 | D:3      | Reached skill level 5 in Fighting
  2171 | D:4      | Received a gift from Nemelex Xobeh
  2300 | D:4      | Found Waploce's Distillery.
  2313 | D:4      | Reached * piety under Nemelex Xobeh
  2383 | D:4      | Reached skill level 5 in Long Blades
  2569 | D:4      | Noticed a phantom
  2630 | D:4      | Killed a phantom
  2630 | D:4      | Reached XP level 7. HP: 35/56 MP: 7/9
  2956 | D:5      | Entered Level 5 of the Dungeon
  3246 | D:4      | Splashed by a jelly's acid

Skill      XL: |  1  2  3  4  5  6  7 |
---------------+----------------------+-----
Long Blades    | 3 4 5 |  5.9
Fighting       | 4 5 |  5.6
Invocations    | 1 2 3 |  3.3
Armour         | |  3.4
Shields        | |  3.6

Action                   |  1- 3 |  4- 6 |  7- 9 || total
-------------------------+-------+-------+-------++-------
Melee: Long sword        |   119 |   219 |    62 ||   400
  Use: Potion            |       |     1 |       ||     1
       Scroll            |       |    12 |       ||    12
  Eat: Chunk             |     1 |     4 |     1 ||     6
       Beef jerky        |       |       |     1 ||     1
Armor: Scale mail        |    46 |       |       ||    46
       Chain mail        |    19 |   117 |    30 ||   166
Dodge: Dodged            |    28 |    39 |     8 ||    75
Block: Shield            |    54 |   101 |    36 ||   191
       Rpst.: Long sword |    12 |    18 |     4 ||    34
